TOP OF THE 1ST |
Scottsdale Scorpions batting - Pitching for Montgomery Grey Sox : RHP Calvin Snyder
|
Pitching: RHP Calvin Snyder
|
|
Batting: RHB Jaime Delgado
|
0-0: Ball 1-0: Ball 2-0: Foul Ball, location: 2F 2-1: Ground out 4-3 (Groundball, 4M)
|
Batting: RHB Sergio Domínguez
|
0-0: Ball 1-0: Ground out 6-3 (Groundball, 6S)
|
Batting: LHB Manny Vigil
|
0-0: Called Strike 0-1: Ball 1-1: Foul Ball, location: 2F 1-2: Foul Ball, location: 2F 1-2: Ball 2-2: Foul Ball, location: 2F 2-2: Ball 3-2: Foul Ball, location: 2F 3-2: Base on Balls
|
Batting: RHB Brian Stewart
|
0-0: Ball 1-0: Ball 2-0: Ball 3-0: Base on Balls Manny Vigil to second
|
Batting: RHB Esteban Concepción
|
0-0: Swinging Strike 0-1: Fly out, F7 (Flyball, 7)
|
Top of the 1st over - 0 run(s), 0 hit(s), 0 error(s), 2 left on base; Scottsdale 0 - Montgomery 0 |
BOTTOM OF THE 1ST |
Montgomery Grey Sox batting - Pitching for Scottsdale Scorpions : RHP Alejandro Guzmán
|
Pitching: RHP Alejandro Guzmán
|
|
Batting: RHB Frederick Curtis
|
0-0: Ball 1-0: Ball 2-0: Foul Ball, location: 2F 2-1: Ground out 5-3 (Groundball, 56)
|
Batting: RHB António Nevárez
|
0-0: Ball 1-0: Reached via error on a dropped throw, E1
|
Batting: RHB Lawrence Davidson
|
0-0: Ball 1-0: Reached on error, E4 (Groundball, 4) António Nevárez to second
|
Batting: SHB Joe Pierce
|
0-0: Ball 1-0: Ball 2-0: Ball 3-0: Called Strike 3-1: SINGLE (Groundball, 34D) António Nevárez to third Lawrence Davidson to second Runner from 3rd tries for Home, SAFE, throw made home Lawrence Davidson to third Joe Pierce to second
|
Batting: RHB Reinaldo Amarante
|
0-0: Ball 1-0: Foul Ball, location: 2F 1-1: Called Strike 1-2: Strikes out looking
|
Batting: SHB Hoyt Norris
|
0-0: Ball 1-0: Foul Ball, location: 2F 1-1: Ball 2-1: Foul Ball, location: 2F 2-2: Ball 3-2: Strikes out swinging
|
Bottom of the 1st over - 1 run(s), 1 hit(s), 2 error(s), 2 left on base; Scottsdale 0 - Montgomery 1 |
TOP OF THE 2ND |
Scottsdale Scorpions batting - Pitching for Montgomery Grey Sox : RHP Calvin Snyder
|
Batting: SHB Walton Locke
|
0-0: Fly out, F9 (Flyball, 9D)
|
Batting: LHB Tony Ayala
|
0-0: Ground out 5-3 (Groundball, 5L)
|
Batting: RHB Robinson Fernández
|
0-0: Foul Ball, location: 2F 0-1: Swinging Strike 0-2: Ball 1-2: Strikes out swinging
|
Top of the 2nd over - 0 run(s), 0 hit(s), 0 error(s), 0 left on base; Scottsdale 0 - Montgomery 1 |
BOTTOM OF THE 2ND |
Montgomery Grey Sox batting - Pitching for Scottsdale Scorpions : RHP Alejandro Guzmán
|
Batting: LHB Robinson López
|
0-0: Foul Ball, location: 2F 0-1: Ball 1-1: Fly out, F9 (Flyball, 9LS)
|
Batting: RHB Bradley Burns
|
0-0: Ball 1-0: Ball 2-0: Called Strike 2-1: Swinging Strike 2-2: Fly out, F4 (Line Drive, 4D)
|
Batting: RHB Dean Bailey
|
0-0: Ball 1-0: Called Strike 1-1: Foul Ball, location: 2F 1-2: Strikes out looking
|
Bottom of the 2nd over - 0 run(s), 0 hit(s), 0 error(s), 0 left on base; Scottsdale 0 - Montgomery 1 |
TOP OF THE 3RD |
Scottsdale Scorpions batting - Pitching for Montgomery Grey Sox : RHP Calvin Snyder
|
Batting: RHB Dave MacGruder
|
0-0: Foul Ball, location: 2F 0-1: Ball 1-1: Foul Ball, location: 2F 1-2: Ball 2-2: Strikes out swinging
|
Batting: RHB Jaime Delgado
|
0-0: Ball 1-0: Foul Ball, location: 2F 1-1: Ball 2-1: Ground out 1-3 (Groundball, P)
|
Batting: RHB Sergio Domínguez
|
0-0: Called Strike 0-1: Ball 1-1: Called Strike 1-2: Ball 2-2: Ball 3-2: Fly out, F5 (Popup, 56)
|
Top of the 3rd over - 0 run(s), 0 hit(s), 0 error(s), 0 left on base; Scottsdale 0 - Montgomery 1 |
BOTTOM OF THE 3RD |
Montgomery Grey Sox batting - Pitching for Scottsdale Scorpions : RHP Alejandro Guzmán
|
Batting: RHB Frederick Curtis
|
0-0: Foul Ball, location: 2F 0-1: Ball 1-1: Ball 2-1: Foul Ball, location: 2F 2-2: Foul Ball, location: 2F 2-2: Foul Ball, location: 2F 2-2: Ball 3-2: Foul Ball, location: 2F 3-2: Foul Ball, location: 2F 3-2: Foul Ball, location: 2F 3-2: DOUBLE (Line Drive, 7)
|
Batting: RHB António Nevárez
|
0-0: Ground out 6-3 (Groundball, 6) Frederick Curtis to third
|
Batting: RHB Lawrence Davidson
|
0-0: Foul Ball, location: 2F 0-1: Ball 1-1: Ball 2-1: Swinging Strike 2-2: SINGLE (Line Drive, 4MD) Frederick Curtis scores
|
Batting: SHB Joe Pierce
|
0-0: Called Strike 0-1: Fly out, F7 (Flyball, 78S)
|
Batting: RHB Reinaldo Amarante
|
0-0: Called Strike 0-1: Ball 1-1: Ball 2-1: Fielders Choice at 2nd, 5-4 (Groundball, 56)
|
Bottom of the 3rd over - 1 run(s), 2 hit(s), 0 error(s), 0 left on base; Scottsdale 0 - Montgomery 2 |
TOP OF THE 4TH |
Scottsdale Scorpions batting - Pitching for Montgomery Grey Sox : RHP Calvin Snyder
|
Batting: LHB Manny Vigil
|
0-0: Ball 1-0: Swinging Strike 1-1: SINGLE (Groundball, 4D)
|
Batting: RHB Brian Stewart
|
0-0: Ball Wild Pitch! Manny Vigil to second 1-0: Called Strike 1-1: Foul Ball, location: 2F 1-2: Strikes out swinging
|
Batting: RHB Esteban Concepción
|
0-0: Ball 1-0: Ball 2-0: Ground out 4-3 (Groundball, 4M) Manny Vigil to third
|
Batting: SHB Walton Locke
|
0-0: Called Strike 0-1: Foul Ball, location: 2F 0-2: Ball 1-2: Ball 2-2: Ball 3-2: Base on Balls
|
Batting: LHB Tony Ayala
|
0-0: Ball 1-0: Ball 2-0: Foul Ball, location: 2F 2-1: Ball 3-1: Ground out 4-3 (Groundball, 4M)
|
Top of the 4th over - 0 run(s), 1 hit(s), 0 error(s), 2 left on base; Scottsdale 0 - Montgomery 2 |
BOTTOM OF THE 4TH |
Montgomery Grey Sox batting - Pitching for Scottsdale Scorpions : RHP Alejandro Guzmán
|
Batting: SHB Hoyt Norris
|
0-0: Called Strike 0-1: Ball 1-1: Ball 2-1: Foul Ball, location: 2F 2-2: Ball 3-2: Foul Ball, location: 2F 3-2: Foul Ball, location: 2F 3-2: Base on Balls
|
Batting: LHB Robinson López
|
0-0: Ball 1-0: Called Strike 1-1: Called Strike 1-2: Ball 2-2: Strikes out looking
|
Batting: RHB Bradley Burns
|
0-0: Ball 1-0: Called Strike 1-1: Ball 2-1: Foul Ball, location: 2F 2-2: Foul Ball, location: 2F 2-2: Fielders Choice at 2nd, 2-4 (Groundball, 2L)
|
Batting: RHB Dean Bailey
|
0-0: Fly out, F9 (Flyball, 89S)
|
Bottom of the 4th over - 0 run(s), 0 hit(s), 0 error(s), 1 left on base; Scottsdale 0 - Montgomery 2 |
TOP OF THE 5TH |
Scottsdale Scorpions batting - Pitching for Montgomery Grey Sox : RHP Calvin Snyder
|
Batting: RHB Robinson Fernández
|
0-0: Ball 1-0: Fly out, F8 (Line Drive, 8RD)
|
Batting: RHB Dave MacGruder
|
0-0: DOUBLE (Flyball, 9)
|
Batting: RHB Jaime Delgado
|
0-0: Ball 1-0: Foul Ball, location: 2F 1-1: Ground out 5-3 (Groundball, 56)
|
Batting: RHB Sergio Domínguez
|
0-0: Ball 1-0: Ball 2-0: Swinging Strike 2-1: Swinging Strike 2-2: Ball 3-2: DOUBLE (Groundball, 5L) Dave MacGruder scores
|
Batting: LHB Manny Vigil
|
0-0: Ball 1-0: SINGLE (Groundball, 4MD) Sergio Domínguez to third Runner from 3rd tries for Home, throw and OUT!
|
Top of the 5th over - 1 run(s), 3 hit(s), 0 error(s), 1 left on base; Scottsdale 1 - Montgomery 2 |
BOTTOM OF THE 5TH |
Montgomery Grey Sox batting - Pitching for Scottsdale Scorpions : RHP Alejandro Guzmán
|
Batting: RHB Frederick Curtis
|
0-0: Ground out 5-3 (Groundball, 5)
|
Batting: RHB António Nevárez
|
0-0: Called Strike 0-1: Ball 1-1: Hit by Pitch
|
Batting: RHB Lawrence Davidson
|
0-0: Called Strike 0-1: Ball 1-1: Foul Ball, location: 2F 1-2: Strikes out swinging
|
Pitching: RHP Julian Corbitt
|
|
Batting: SHB Joe Pierce
|
0-0: Ball 1-0: Ball 2-0: Foul Ball, location: 2F 2-1: Fielders Choice at 2nd, 4-6 (Groundball, 4)
|
Bottom of the 5th over - 0 run(s), 0 hit(s), 0 error(s), 0 left on base; Scottsdale 1 - Montgomery 2 |
TOP OF THE 6TH |
Scottsdale Scorpions batting - Pitching for Montgomery Grey Sox : RHP Calvin Snyder
|
Batting: RHB Brian Stewart
|
0-0: Ball 1-0: Ball 2-0: Ball 3-0: Called Strike 3-1: Fly out, F7 (Flyball, 7LMF)
|
Batting: RHB Esteban Concepción
|
0-0: Ball 1-0: Ball 2-0: Ground out 6-3 (Groundball, 6)
|
Batting: SHB Walton Locke
|
0-0: Called Strike 0-1: Fly out, F9 (Flyball, 9LSF)
|
Top of the 6th over - 0 run(s), 0 hit(s), 0 error(s), 0 left on base; Scottsdale 1 - Montgomery 2 |
BOTTOM OF THE 6TH |
Montgomery Grey Sox batting - Pitching for Scottsdale Scorpions : RHP Julian Corbitt
|
Batting: RHB Reinaldo Amarante
|
0-0: Called Strike 0-1: Called Strike 0-2: Ball 1-2: Foul Ball, location: 2F 1-2: Strikes out swinging
|
Batting: SHB Hoyt Norris
|
0-0: Foul Ball, location: 2F 0-1: Ball 1-1: Ball 2-1: Ball 3-1: Called Strike 3-2: Base on Balls
|
Batting: LHB Robinson López
|
0-0: Called Strike 0-1: Called Strike 0-2: Ball 1-2: Strikes out looking
|
Batting: RHB Bradley Burns
|
0-0: Called Strike 0-1: Ball 1-1: Called Strike 1-2: Foul Ball, location: 2F 1-2: Ball 2-2: Foul Ball, location: 2F 2-2: DOUBLE (Line Drive, 89M) Hoyt Norris to third
|
Batting: RHB Dean Bailey
|
0-0: Ground out 6-3 (Groundball, 6MS)
|
Bottom of the 6th over - 0 run(s), 1 hit(s), 0 error(s), 2 left on base; Scottsdale 1 - Montgomery 2 |
TOP OF THE 7TH |
Scottsdale Scorpions batting - Pitching for Montgomery Grey Sox : RHP Calvin Snyder
|
Pitching: LHP Juan Reyes
|
|
Batting: LHB Tony Ayala
|
0-0: Called Strike 0-1: Fly out, F7 (Flyball, 7)
|
Pitching: RHP Brian Barker
|
|
Batting: RHB Robinson Fernández
|
0-0: Ball 1-0: Called Strike 1-1: Ball 2-1: Ball 3-1: Base on Balls
|
Pinch Hitting: LHB José Garza
|
0-0: Ball 1-0: Ball 2-0: Foul Ball, location: 2F 2-1: Foul Ball, location: 2F 2-2: Strikes out swinging
|
Pinch Hitting: SHB Arnold Moore
|
0-0: Ball 1-0: Swinging Strike 1-1: Ball Robinson Fernández is caught stealing 2nd base
|
Top of the 7th over - 0 run(s), 0 hit(s), 0 error(s), 0 left on base; Scottsdale 1 - Montgomery 2 |
BOTTOM OF THE 7TH |
Montgomery Grey Sox batting - Pitching for Scottsdale Scorpions : RHP Julian Corbitt
|
Now at SS: Arnold Moore
|
|
Now in CF: José Garza
|
|
Batting: RHB Frederick Curtis
|
0-0: Foul Ball, location: 2F 0-1: Ball 1-1: Foul Ball, location: 2F 1-2: Reached on error, E5 (Groundball, 56)
|
Pinch Hitting: RHB Fred Moulds
|
0-0: Ball 1-0: Ball 2-0: Sac Bunt - play at first, batter OUT! 1-4 Frederick Curtis to second
|
Batting: RHB Lawrence Davidson
|
0-0: Ball 1-0: Ball 2-0: Ball 3-0: Called Strike 3-1: Called Strike 3-2: Foul Ball, location: 2F 3-2: Base on Balls
|
Batting: SHB Joe Pierce
|
0-0: Called Strike 0-1: Swinging Strike 0-2: Strikes out swinging
|
Batting: RHB Reinaldo Amarante
|
0-0: Ball 1-0: Swinging Strike 1-1: Swinging Strike 1-2: Ball 2-2: Ball 3-2: SINGLE (Groundball, 34D) Frederick Curtis to third Lawrence Davidson to second Frederick Curtis scores Lawrence Davidson to third
|
Batting: SHB Hoyt Norris
|
0-0: Ball 1-0: Called Strike 1-1: DOUBLE (Groundball, 5L) Lawrence Davidson scores Reinaldo Amarante to third Runner from 3rd tries for Home, SAFE, no throw
|
Pitching: RHP José Alvarado
|
|
Batting: LHB Robinson López
|
0-0: Called Strike 0-1: Ball 1-1: Swinging Strike 1-2: DOUBLE (Groundball, 5L) Hoyt Norris scores
|
Batting: RHB Bradley Burns
|
0-0: Called Strike 0-1: Fly out, F6 (Popup, 56D)
|
Bottom of the 7th over - 4 run(s), 3 hit(s), 1 error(s), 1 left on base; Scottsdale 1 - Montgomery 6 |
TOP OF THE 8TH |
Scottsdale Scorpions batting - Pitching for Montgomery Grey Sox : RHP Brian Barker
|
Now at SS: Amlak Saitoti
|
|
Batting: SHB Arnold Moore
|
0-0: Ball 1-0: Ball 2-0: Called Strike 2-1: Ground out 4-3 (Groundball, 34D)
|
Batting: RHB Sergio Domínguez
|
0-0: Swinging Strike 0-1: Ground out 5-3 (Groundball, 56S)
|
Batting: LHB Manny Vigil
|
0-0: Ball 1-0: Ball 2-0: Foul Ball, location: 2F 2-1: Called Strike 2-2: Ball 3-2: Foul Ball, location: 2F 3-2: Foul Ball, location: 2F 3-2: Foul Ball, location: 2F 3-2: Ground out 6-3 (Groundball, 6)
|
Top of the 8th over - 0 run(s), 0 hit(s), 0 error(s), 0 left on base; Scottsdale 1 - Montgomery 6 |
BOTTOM OF THE 8TH |
Montgomery Grey Sox batting - Pitching for Scottsdale Scorpions : RHP José Alvarado
|
Batting: RHB Dean Bailey
|
0-0: Called Strike 0-1: Foul Ball, location: 2F 0-2: Ground out 6-3 (Groundball, 6)
|
Batting: RHB Frederick Curtis
|
0-0: Called Strike 0-1: Ball 1-1: Ball 2-1: Foul Ball, location: 2F 2-2: Ball 3-2: Base on Balls
|
Batting: LHB Amlak Saitoti
|
0-0: Ball Frederick Curtis steals 2nd base 1-0: Called Strike 1-1: DOUBLE (Groundball, 3L) Frederick Curtis scores
|
Batting: RHB Lawrence Davidson
|
0-0: Ball 1-0: Foul Ball, location: 2F 1-1: Ball 2-1: Foul Ball, location: 2F 2-2: Ball 3-2: Base on Balls
|
Batting: SHB Joe Pierce
|
0-0: Called Strike 0-1: Ball 1-1: Swinging Strike 1-2: Foul Ball, location: 2F 1-2: Strikes out looking
|
Batting: RHB Reinaldo Amarante
|
0-0: Ball Wild Pitch! Amlak Saitoti to third Lawrence Davidson to second 1-0: Foul Ball, location: 2F 1-1: Fly out, F3 (Popup, 3D)
|
Bottom of the 8th over - 1 run(s), 1 hit(s), 0 error(s), 2 left on base; Scottsdale 1 - Montgomery 7 |
TOP OF THE 9TH |
Scottsdale Scorpions batting - Pitching for Montgomery Grey Sox : RHP Brian Barker
|
Batting: RHB Brian Stewart
|
0-0: Ball 1-0: Foul Ball, location: 2F 1-1: Ball 2-1: Called Strike 2-2: Ball 3-2: Base on Balls
|
Batting: RHB Esteban Concepción
|
0-0: Ball 1-0: Fly out, F8 (Flyball, 8LXD)
|
Batting: SHB Walton Locke
|
0-0: Called Strike 0-1: Swinging Strike 0-2: Ball 1-2: Grounds into double play, 3-6-3 (Groundball, 34)
|
Top of the 9th over - 0 run(s), 0 hit(s), 0 error(s), 0 left on base; Scottsdale 1 - Montgomery 7 |
|